 Dungeon Crawl Stone Soup version 0.19.4-9-g45fd643 (webtiles) character file.

5616 Kosschaser the Slicer (level 10, -10/126 HPs)
             Began as a Black Draconian Assassin on Feb 15, 2017.
             Was an Initiate of Dithmenos.
             Mangled by an ice devil (16 damage)
             ... summoned by a deep elf mage
             ... in a bailey.
             The game lasted 00:57:07 (7547 turns).

Kosschaser the Slicer (Black Draconian Assassin)    Turns: 7547, Time: 00:57:09

Health: -10/126    AC:  8    Str: 18    XL:     10   Next: 45%
Magic:  15/15      EV: 19    Int: 12    God:    Dithmenos [......]
Gold:   547        SH:  0    Dex: 16    Spells: 1 memorised, 14 levels left

rFire  . . .     SeeInvis .     r - +2 short sword (venom)
rCold  . . .     Gourm    .     (armour unavailable)
rNeg   . . .     Faith    .     (no shield)
rPois  .         Spirit   .     (helmet restricted)
rElec  +         Reflect  .     c - +0 cloak
rCorr  .         Harm     .     (no gloves)
MR     .....                    (no boots)
Stlth  ..........               A - amulet of regeneration
                                (no ring)
                                E - +3 ring of evasion

@: berserking, lethally poisoned (-10 -> -79), short of breath, very quick
A: breathe lightning, unfitting armour, electricity resistance, cold-blooded, AC
+7
a: Breathe Lightning, Renounce Religion


You were in a bailey.
You worshipped Dithmenos.
Dithmenos was noncommittal.
You were not hungry.

You visited 2 branches of the dungeon, and saw 10 of its levels.
You also visited: Bailey.

You collected 547 gold pieces.

Inventory:

Hand Weapons
 a - a +2 dagger
 b - a +0 blowgun
 r - a +2 short sword of venom (weapon)
Missiles
 d - 47 poisoned needles
 e - 6 curare-tipped needles
Armour
 c - a +0 cloak (worn)
Jewellery
 A - an amulet of regeneration (around neck)
 C - an uncursed ring of ice
 E - a +3 ring of evasion (left hand)
Wands
 L - a wand of disintegration (24/24)
Scrolls
 l - 2 scrolls of enchant weapon
 o - a scroll of fog
 t - a scroll of blinking {unknown}
 v - 3 scrolls of teleportation
 x - a scroll of remove curse {unknown}
 y - a scroll of noise {unknown}
 z - a scroll of magic mapping {unknown}
 J - a scroll of enchant armour
 K - a scroll of amnesia
Potions
 g - a potion of mutation
 h - a potion of agility
 p - a potion of haste
 s - a potion of brilliance {unknown}
 u - 2 potions of flight
 B - a potion of degeneration {unknown}
 F - a potion of magic {unknown}
 G - a potion of curing {unknown}
 H - a potion of lignification {unknown}
 I - a potion of cancellation {unknown}
Books
 j - a book of Cantrips

   Spells                             Type                      Level
   a - Confusing Touch                Hexes                        1
   b - Animate Skeleton               Necromancy                   1
   c - Summon Small Mammal            Summoning                    1
   d - Apportation                    Translocation                1
Comestibles
 f - 5 bread rations
 k - 3 slices of pizza
 m - 3 meat rations
 q - 2 fruits
 w - 5 beef jerkies
 D - a chunk of flesh


   Skills:
 + Level 6.5 Fighting
 + Level 8.3 Short Blades
 + Level 5.6 Throwing
 + Level 6.6 Dodging
 + Level 7.0 Stealth
 + Level 3.3 Spellcasting
 + Level 2.7 Hexes


You had 14 spell levels left.
You knew the following spells:

 Your Spells              Type           Power        Failure   Level  Hunger
a - Confusing Touch       Hex            #.....       10%         1    #......


Dungeon Overview and Level Annotations

Branches:
Dungeon (9/15)             Temple (1/1) D:5            Lair (0/6) D:9
    Orc: D:9-12

Altars:
Ashenzari
Cheibriados
Dithmenos
Fedhas
Gozag
Hepliaklqana
Okawaru
Ru
Sif Muna
Trog
Vehumet
Zin

Annotations:
D:3 Paps's ghost, amateur TrMo
D:7 pps's ghost, novice GrFi


Innate Abilities, Weirdness & Mutations

You can breathe wild blasts of lightning.
Your glossy black scales are hard. (AC +7)
You cannot fit into any form of body armour.
You are resistant to electric shocks. (rElec)
You are cold-blooded and may be slowed by cold attacks.


Message History

* * * LOW HITPOINT WARNING * * *
You feel very sick.
You puncture the redback!
You kill the redback!
The redback's corpse disappears in a puff of smoke!
* * * LOW HITPOINT WARNING * * *
You feel very sick.
The deep elf mage mumbles some strange words.
* * * LOW HITPOINT WARNING * * *
You feel very sick.
Things that are here:
a long sword; an elf corpse x2
You hit the ice devil. You tail-slap the ice devil.
The ice devil is lightly wounded.
* * * LOW HITPOINT WARNING * * *
You feel very sick. The ice devil hits you!
* * * LOW HITPOINT WARNING * * *
The ice devil freezes you!
You die...

#####
######...##
##..##..∩..#
#....#.....#
#..).##...##
..
##.)##'######.
###@..###...##
#.4(..#.....#
#)e∩..#.....#
#....(#.....#
##..((#....#
#####'#
#....#....#
#..... .....#
#..... .....#


You could see an ice devil and a deep elf mage.

Vanquished Creatures
  A deep elf knight (Bailey)
  Pikel (D:7)
  7 deep elf magi (Bailey)
  A wyvern (D:8)
  Menkaure (D:5)
  A sky beast (D:5)
  An ice beast (D:8)
  3 ogres
  3 slaves (D:7)
  2 bullfrogs (D:7)
  A scorpion (D:6)
  A howler monkey (D:7)
  5 crimson imps
  5 hounds
  3 orc priests
  A centaur zombie (D:5)
  A jelly (D:6)
  4 orc wizards
  An iguana (D:5)
  5 worker ants
  A killer bee zombie (D:7)
  4 gnolls
  4 adders
  A shadow imp (D:8)
  An ooze (D:7)
  An adder skeleton (D:5)
  2 worms (D:2)
  5 leopard geckos
  23 orcs
  7 giant cockroaches
  8 hobgoblins
  15 jackals
  4 quokkas
  8 bats
  3 frilled lizards
  A giant cockroach zombie (D:5)
  9 goblins
  5 kobolds
  12 rats
162 creatures vanquished.

Vanquished Creatures (others)
  A plant (D:7)
1 creature vanquished.

Grand Total: 163 creatures vanquished

Notes
Turn   | Place    | Note
-------+----------+-------------------------------------------
     0 | D:1      | Kosschaser the Draconian Assassin began the quest for the Orb.
     0 | D:1      | Reached XP level 1. HP: 17/17 MP: 1/1
   317 | D:1      | Reached XP level 2. HP: 25/25 MP: 2/2
   911 | D:2      | Reached XP level 3. HP: 20/30 MP: 3/3
   997 | D:2      | Reached skill level 1 in Dodging
  1398 | D:2      | Found a hazy altar of Hepliaklqana.
  1427 | D:2      | Found a blossoming altar of Fedhas.
  1430 | D:2      | Found a radiant altar of Vehumet.
  1431 | D:2      | Found a sacrificial altar of Ru.
  1658 | D:2      | Reached XP level 4. HP: 35/37 MP: 4/4
  1874 | D:3      | Noticed Paps's ghost (amateur TrMo)
  2389 | D:2      | You fall through a shaft!
  2582 | D:3      | Reached XP level 5. HP: 33/44 MP: 5/5
  2968 | D:4      | Noticed a phantom
  2983 | D:5      | Entered Level 5 of the Dungeon
  3231 | D:5      | Reached skill level 3 in Short Blades
  3264 | D:5      | Reached skill level 5 in Stealth
  3455 | D:5      | Reached XP level 6. HP: 51/51 MP: 6/6
  3539 | D:5      | Learned a level 1 spell: Confusing Touch
  3680 | D:5      | Found a glowing silver altar of Zin.
  3880 | D:5      | Found a staircase to the Ecumenical Temple.
  3899 | Temple   | Entered the Ecumenical Temple
  3974 | Temple   | Became a worshipper of Dithmenos the Shadowed
  4012 | D:5      | Noticed Menkaure
  4215 | D:6      | Your scales start taking on a glossy black colour.
  4215 | D:6      | Reached XP level 7. HP: 57/57 MP: 7/7
  4215 | D:6      | Gained mutation: You are resistant to electric shocks. (rElec) [Black Draconian growth]
  4288 | D:6      | Reached skill level 1 in Spellcasting
  4315 | D:6      | Reached skill level 4 in Short Blades
  4361 | D:6      | Found an iron altar of Okawaru.
  4388 | D:6      | Reached skill level 1 in Hexes
  5266 | D:6      | Found a shattered altar of Ashenzari.
  5420 | D:5      | Killed Menkaure
  5574 | D:5      | Reached * piety under Dithmenos
  5680 | D:5      | Reached XP level 8. HP: 62/66 MP: 10/12
  5874 | D:7      | Reached skill level 5 in Short Blades
  6119 | D:7      | Noticed pps's ghost (novice GrFi)
  6411 | D:7      | Noticed Pikel
  6422 | D:7      | Was placed under penance by Dithmenos
  6459 | D:7      | Killed Pikel
  6459 | D:7      | Reached skill level 6 in Short Blades
  6511 | D:7      | Was forgiven by Dithmenos
  6818 | D:7      | Reached skill level 5 in Fighting
  6918 | D:8      | Reached XP level 9. HP: 63/74 MP: 14/14
  7208 | D:9      | Found a staircase to the Lair.
  7371 | D:8      | Found a flagged portal.
  7378 | Bailey   | Entered a bailey
  7385 | Bailey   | Noticed a deep elf mage
  7397 | Bailey   | Killed a deep elf mage
  7397 | Bailey   | Reached skill level 5 in Dodging
  7399 | Bailey   | Noticed a deep elf mage
  7399 | Bailey   | Noticed a deep elf mage
  7405 | Bailey   | Noticed a red devil
  7407 | Bailey   | Noticed a deep elf mage
  7423 | Bailey   | Noticed a deep elf mage
  7423 | Bailey   | Noticed a deep elf mage
  7431 | Bailey   | Noticed a jumping spider
  7434 | Bailey   | Noticed an ice devil
  7436 | Bailey   | Noticed a rust devil
  7445 | Bailey   | Noticed a demonic crawler
  7448 | Bailey   | Killed a deep elf mage
  7448 | Bailey   | Reached skill level 7 in Short Blades
  7448 | Bailey   | Killed a deep elf mage
  7448 | Bailey   | Killed a deep elf mage
  7448 | Bailey   | Reached skill level 5 in Throwing
  7448 | Bailey   | Reached XP level 10. HP: 35/83 MP: 15/15
  7448 | Bailey   | Killed a deep elf mage
  7451 | Bailey   | Killed a deep elf mage
  7451 | Bailey   | Reached skill level 8 in Short Blades
  7472 | Bailey   | Noticed a deep elf mage
  7511 | Bailey   | Noticed a deep elf knight
  7514 | Bailey   | Killed a deep elf mage
  7519 | Bailey   | Killed a deep elf knight
  7534 | Bailey   | Noticed a deep elf mage
  7547 | Bailey   | HP: 6/126 [ice devil[a deep elf mage] (8)]
  7547 | Bailey   | Mangled by an ice devil

Skill      XL: |  1  2  3  4  5  6  7  8  9 10 |
---------------+-------------------------------+-----
Stealth        | 4 5 6 7 |  7.0
Throwing       | 2 3 5 |  5.6
Dodging        | 1 2 3 4 5 6 |  6.6
Fighting       | 3 5 6 |  6.5
Short Blades   | 3 4 6 7 8 |  8.3
Spellcasting   | 2 3 |  3.3
Hexes          | 2 |  2.7

Action                   |  1- 3 |  4- 6 |  7- 9 | 10-12 || total
-------------------------+-------+-------+-------+-------++-------
Melee: Dagger            |   140 |   243 |   440 |     3 ||   826
       Tailslap          |     9 |    25 |    65 |     2 ||   101
       Short sword       |       |       |       |    11 ||    11
 Fire: Blowgun           |    19 |    23 |    21 |     7 ||    70
 Cast: Confusing Touch   |       |     6 |    39 |       ||    45
 Abil: Breathe Lightning |       |       |    19 |     3 ||    22
  Use: Scroll            |       |     7 |     7 |       ||    14
       Potion            |       |       |     2 |     3 ||     5
 Stab: Sleeping          |     7 |     8 |     7 |       ||    22
       Distracted        |       |     2 |       |       ||     2
       Fleeing           |       |       |     1 |       ||     1
  Eat: Chunk             |     2 |     9 |    14 |     2 ||    27
       Fruit             |       |       |     1 |       ||     1
Armor: Skin              |    85 |    89 |   101 |     3 ||   278
Dodge: Dodged            |   166 |   175 |   307 |    11 ||   659
